 Dungeon Crawl Stone Soup version 0.27.0-1-g7a089689b8 (webtiles) character file.

Game seed: 10864643409807285843

72 Spectrina the Sneak (level 4, -1/40 HPs)
             Began as a Deep Elf Monk on Aug 2, 2021.
             Slain by an iguana (3 damage)
             ... on level 4 of the Dungeon.
             The game lasted 00:05:15 (677 turns).

Spectrina the Sneak (Deep Elf Monk)                  Turns: 677, Time: 00:05:15

Health: -1/40      AC: 22    Str:  6 (8)  XL:     4   Next: 6%
Magic:  8/8        EV:  2    Int: 15 (16) God:
Gold:   83         SH:  0    Dex: 16 (17) Spells: 3/3 levels left

rFire    . . .     SeeInvis .   (no weapon)
rCold    . . .     Faith    .   (no shield)
rNeg     + + +     Spirit   .   (armour currently unavailable)
rPois    +         Reflect  .   (helmet currently unavailable)
rElec    .         Harm     .   (cloak currently unavailable)
rCorr    .         Rampage  .   (gloves currently unavailable)
Will     .....     NoTele   +   (boots currently unavailable)
Stlth    +++.......             (no amulet)
HPRegen  0.13/turn              (no ring)
MPRegen  0.11/turn              (no ring)

@: tree-form
A: stationary, stasis, torment immunity, boosted hp, (talons 1), deterioration
1, evolution 1
a: no special abilities


You were on level 4 of the Dungeon.
You were a tree.
You visited 1 branch of the dungeon, and saw 5 of its levels.

You collected 83 gold pieces.

Inventory:

Hand Weapons
 a - a +0 short sword
 b - a +0 dagger
Missiles
 g - 27 sling bullets
 i - 48 stones (quivered)
Armour
 c - a +0 helmet (melded)
 e - a +0 robe
 o - the +3 ring mail of Imemmos (melded) {rC+}
   (You found it on level 4 of the Dungeon)

   rC:        It protects you from cold.
Scrolls
 d - 2 scrolls of identify {unknown}
 f - a scroll of summoning {unknown}
 k - a scroll of teleportation {unknown}
Potions
 l - a potion of mutation
 n - a potion of brilliance {unknown}


   Skills:
 - Level 2.4 Fighting
 - Level 3.0 Short Blades
 - Level 3.6 Dodging
 + Level 3.8 Stealth
 * Level 3.3 Invocations


You had 3 spell levels left.
You didn't know any spells.
Your spell library contained the following spells:

 Spells                   Type           Power      Damage    Failure   Level
 Pain                     Necr           0%         1d4       26%         1
 Agony                    Necr           0%         N/A       100%        5
 Excruciating Wounds      Necr           0%         N/A       100%        5


Dungeon Overview and Level Annotations

Branches:
Dungeon (5/15)
 Temple: D:4-7

Altars:


Innate Abilities, Weirdness & Mutations

You are a tree.
Your roots penetrate the ground, keeping you stationary.
You cannot be teleported.
You are immune to unholy pain and torment.
Your maximum health is greatly increased.
Your equipment is partially melded.
((You have sharp toenails.))
Your body sometimes deteriorates upon taking damage.
You evolve.


Message History

You feel weakened.
You feel dopey.
You feel clumsy. The iguana closely misses you.
It was a potion of heal wounds.
You feel much better. The iguana closely misses you.
You closely miss the iguana. The iguana bites you!
You hit the iguana but do no damage. The iguana barely misses you.
You barely miss the iguana. You claw the iguana, but do no damage.
The iguana barely misses you.
You hit the iguana.
The iguana is lightly wounded.
The iguana bites you but does no damage.
You hit the iguana but do no damage. You claw the iguana, but do no damage.
The iguana is lightly wounded.
The iguana bites you.
You hit the iguana.
The iguana is moderately wounded.
The iguana bites you.
Really quaff the potion of lignification?
Okay, then.
Really quaff the potion of lignification?
You turn into a tree.
Your +0 helmet melds into your body.
The +3 ring mail of Imemmos {rC+} melds into your body.
Your roots penetrate the ground.
The iguana bites you but does no damage.
You are now empty-handed.
You hit the iguana but do no damage.
The iguana is moderately wounded.
The iguana bites you.
* * * LOW HITPOINT WARNING * * *
You hit the iguana.
The iguana is moderately wounded.
The iguana bites you.
* * * LOW HITPOINT WARNING * * *
You hit the iguana.
The iguana is moderately wounded.
The iguana bites you but does no damage.
You barely miss the iguana.
The iguana is moderately wounded.
The iguana bites you.
You die...

######### #.......#
#.#####.# #.# #.# #.#
#.#### #.# #.#..# #♣#
##.#..##### ......l.#
#.........#
#################.........#
#...<.....................#
###.#.....######
####.........#
....[.....'.#
###.......#####
#####.....#.#
#............#...# ###
#.....#.#
#......##..###.).# ..#
##.####.# #......##..#
#...#


You could see an iguana.

Vanquished Creatures
  A vampire bat (D:4)
  An adder (D:3)
  An adder skeleton (D:4)
  A dart slug (D:4)
  2 ball pythons
  A goblin (D:3)
  2 hobgoblins (D:4)
  A quokka (D:4)
  8 bats (D:4)
  2 frilled lizards (D:1)
20 creatures vanquished.

Notes
Turn   | Place    | Note
-------+----------+-------------------------------------------
     0 | D:1      | Spectrina the Deep Elf Monk began the quest for the Orb.
     0 | D:1      | Reached XP level 1. HP: 13/13 MP: 3/3
   107 | D:3      | Reached skill level 1 in Invocations
   107 | D:3      | Reached XP level 2. HP: 11/18 MP: 3/5
   260 | D:4      | Noticed a sky beast
   280 | D:5      | Entered Level 5 of the Dungeon
   280 | D:5      | Noticed a necrophage
   542 | D:4      | Noticed a vampire bat
   561 | D:4      | Killed a vampire bat
   562 | D:4      | Reached XP level 3. HP: 7/22 MP: 5/7
   579 | D:4      | Reached XP level 4. HP: 9/27 MP: 6/8
   638 | D:4      | Identified the +3 ring mail of Imemmos {rC+}
   663 | D:4      | Gained mutation: You have sharp toenails. [potion of
                  | mutation]
   663 | D:4      | Gained mutation: Your body sometimes deteriorates upon
                  | taking damage. [potion of mutation]
   663 | D:4      | Gained mutation: You evolve. [potion of mutation]
   675 | D:4      | HP: 2/40 [iguana (6)]
   677 | D:4      | Slain by an iguana

Illustrated notes

Levels and vault maps discovered:
D:1:      dpeg_arrival_tiny_h, layout_basic
D:2:      layout_loops_cross, basic_altar, serial_shops, shop
D:3:      layout_basic, shapermc_ecumenical_altar_rom_forum
D:4:      layout_basic, eino_tiny_chamber, roderic_batcave,
          chequers_serial_rivers_micro_e, uniq_grinder, uniq_robin,
          uniq_crazy_yiuf_cottage
D:5:      minmay_diamond_boxcup, layout_loops_ring, minivault_1

Skill      XL: |  1  2 |
---------------+-------+-----
Invocations    | 1 3 |  3.3
Stealth        | 3 |  3.8
Fighting       | |  2.4
Short Blades   | |  3.0
Dodging        | |  3.6

Action                   |  1- 3 |  4- 6 || total
-------------------------+-------+-------++-------
Melee: Short sword       |    49 |     9 ||    58
       Unarmed           |    12 |     4 ||    16
       Dagger            |     3 |       ||     3
       Kick              |       |     2 ||     2
  Use: Potion            |     1 |     4 ||     5
 Stab: Sleeping          |     2 |     2 ||     4
Armor: Robe              |    21 |       ||    21
       Skin              |    17 |     2 ||    19
       Ring mail         |       |     1 ||     1
Dodge: Dodged            |    40 |     6 ||    46
